 Dungeon Crawl Stone Soup version 0.28-a0-779-g3d1f99b579 (webtiles) character file.

Game seed: 3225277588098547816

187 flotson the Sneak (level 5, 0/42 HPs)
             Began as a Demonspawn Delver on Nov 2, 2021.
             Asphyxiated
             ... on level 3 of the Dungeon.
             The game lasted 00:05:31 (3192 turns).

flotson the Sneak (Demonspawn Delver)               Turns: 3192, Time: 00:05:32

Health: 0/42       AC:  6    Str: 13    XL:     5   Next: 39%
Magic:  5/5        EV: 11    Int: 11    God:
Gold:   67         SH:  0    Dex: 15    Spells: 4/4 levels left

rFire   . . .      SeeInvis .   p - +0 flail (vorpal)
rCold   . . .      Faith    .   (no shield)
rNeg    . . .      Spirit   .   o - +0 ring mail
rPois   .          Reflect  .   (helmet restricted)
rElec   .          Harm     .   (no cloak)
rCorr   .          Rampage  .   (no gloves)
Will    .....                   q - +0 pair of boots
Stlth   ++........              (no amulet)
HPRegen 0.14/turn               l - ring of flight
MPRegen 0.09/turn               (no ring)

@: lethally poisoned (0 -> -10), flying
A: antennae 1, demonic guardian 1, foul stench 1
a: no special abilities


You were on level 3 of the Dungeon.
You visited 1 branch of the dungeon, and saw 5 of its levels.

You collected 89 gold pieces.
You spent 22 gold pieces at shops.

Inventory:

Hand Weapons
 a - a +0 hand axe
 p - a +0 vorpal flail (weapon)
Missiles
 m - 47 sling bullets
Armour
 h - a +0 helmet
 o - a +0 ring mail (worn)
 q - a +0 pair of boots (worn)
Jewellery
 l - a ring of flight (left hand)
Wands
 g - a wand of digging (5)
Scrolls
 b - a scroll of enchant armour {unknown}
 c - a scroll of fog
 d - 2 scrolls of magic mapping
 e - a scroll of fear
 j - a scroll of blinking {unknown}
 k - 2 scrolls of summoning {unknown}
 r - a scroll of enchant weapon {unknown}
Potions
 f - a potion of haste
 i - a potion of heal wounds
 n - a potion of curing
 s - a potion of magic {unknown}


   Skills:
 + Level 4.2 Fighting
 - Level 1.7 Axes
 + Level 2.5 Armour
 + Level 3.3 Dodging
 - Level 4.5 Stealth


You had 4 spell levels left.
You didn't know any spells.
Your spell library contained the following spells:

 Spells                   Type           Power      Damage    Failure   Level
 Summon Small Mammal      Summ           0%         N/A       58%         1
 Call Canine Familiar     Summ           0%         N/A       91%         3
 Summon Guardian Golem    Hex/Summ       0%         N/A       91%         3


Dungeon Overview and Level Annotations

Branches:
Dungeon (5/15)
 Temple: D:4-7

Altars:

Shops:
D:3 ?


Innate Abilities, Weirdness & Mutations

You have a pair of small antennae on your head.
A weak demonic guardian rushes to your aid.
You may rarely emit foul miasma when damaged in melee.


Message History

The kobold brigand hits your quasit but does no damage.
Your quasit bites the kobold brigand.
Your quasit claws the kobold brigand.
Your quasit closely misses the kobold brigand.
Your quasit closely misses the kobold brigand. x2
Your quasit barely misses the kobold brigand.
The kobold brigand closely misses your quasit.
Your quasit misses the kobold brigand. x3
The kobold brigand hits your quasit with a +0 short sword.
Your quasit bites the kobold brigand but does no damage.
Your quasit claws the kobold brigand but does no damage. x2
The kobold brigand misses your quasit.
Your quasit closely misses the kobold brigand.
Your quasit barely misses the kobold brigand. x2
Your quasit bites the kobold brigand but does no damage.
Your quasit claws the kobold brigand but does no damage.
Your quasit closely misses the kobold brigand.
The kobold brigand barely misses your quasit.
Your quasit bites the kobold brigand but does no damage.
Your quasit closely misses the kobold brigand.
Your quasit claws the kobold brigand but does no damage.
The kobold brigand completely misses your quasit.
Your quasit barely misses the kobold brigand.
Your quasit completely misses the kobold brigand.
Your quasit barely misses the kobold brigand.
The kobold brigand misses your quasit.
Your quasit barely misses the kobold brigand.
Your quasit claws the kobold brigand.
Your quasit barely misses the kobold brigand.
You feel yourself speed up.
Your quasit bites the kobold brigand.
Your quasit barely misses the kobold brigand.
Your quasit claws the kobold brigand.
The kobold brigand hits your quasit with a +0 short sword.
Your quasit dies!
Your quasit disappears in a puff of smoke!
The kobold brigand throws a curare-tipped dart.
The curare-tipped dart hits you.
You are lethally poisoned!
You have difficulty breathing.
You die...

###########
############.>.......#
##.....##.............#
##...................(.# ####
#..<...♣..........###..# ##....
#.)..♣.∩.♣........#.#..###.....
#......♣.........#.⌠.#.##......
#.................#.#..##......
#.............@...###.###......
#.....................# ##.....
##..................#.###<.....
##.................#..§K....).
#####....##........K###......
#....##............#.....
#.#..##.....#)..#..)[).)#
#.#..##.....#....).......
#.#..#.............#...##


You could see a kobold brigand.

Vanquished Creatures
  Terence (D:2)
  Robin (D:2)
  3 gnolls (D:3)
  A worm (D:2)
  2 dart slugs
  An orc (D:3)
  6 ball pythons
  9 endoplasms
  3 giant cockroaches (D:1)
  11 goblins
  10 hobgoblins
  4 jackals (D:1)
  5 bats
  3 frilled lizards
  5 kobolds
  3 rats
68 creatures vanquished.

Vanquished Creatures (collateral kills)
  A howler monkey (D:3)
  A giant cockroach (D:3)
2 creatures vanquished.

Grand Total: 70 creatures vanquished

Notes
Turn   | Place    | Note
-------+----------+-------------------------------------------
     0 | D:5      | flotson the Demonspawn Delver began the quest for the Orb.
     0 | D:5      | Reached XP level 1. HP: 18/18 MP: 1/1
     4 | D:5      | Noticed a sky beast
     5 | D:5      | Noticed a scorpion
   143 | D:2      | Found a faded altar of an unknown god.
   410 | D:1      | Gained mutation: You may rarely emit foul miasma when
                  | damaged in melee. [demonic ancestry]
   410 | D:1      | Reached XP level 2. HP: 17/24 MP: 2/2
   673 | D:1      | Reached skill level 1 in Armour
  1084 | D:1      | Gained mutation: A weak demonic guardian rushes to your
                  | aid. [demonic ancestry]
  1084 | D:1      | Reached XP level 3. HP: 28/29 MP: 3/3
  2009 | D:2      | Noticed Terence
  2016 | D:2      | Killed Terence
  2017 | D:2      | Reached XP level 4. HP: 30/37 MP: 4/4
  2270 | D:3      | Found Nelerph's Magic Scroll Emporium.
  2292 | D:3      | Bought a scroll of identify for 22 gold pieces
  2301 | D:3      | Noticed Robin
  2581 | D:2      | Killed Robin
  2941 | D:3      | Gained mutation: You have a pair of small antennae on your
                  | head. [demonic ancestry]
  2941 | D:3      | Reached XP level 5. HP: 28/42 MP: 5/5
  3192 | D:3      | Asphyxiated

Illustrated notes

Levels and vault maps discovered:
D:1:      tarquinn_simple_flora_water_e, layout_basic, serial_corexii_hall,
          corexii_hall_statues_i, corexii_hall_statues_l,
          chequers_hall_statues_wall_a, chequers_hall_statues_y
D:2:      layout_rooms, chequers_ecumenical_altar_simple_redux, uniq_terence
D:3:      layout_rooms, serial_shops, nicolae_shop_trees,
          minmay_tree_intersection, grunt_decor_one_mirror, uniq_robin
D:4:      layout_basic, nicolae_ashenzari_skybound, minmay_temple_entry_wispy
D:5:      layout_rooms, grunt_gozag_statues, xom_redecorated,
          minmay_misc_feat_rugged, hangedman_decor_peaks_small

Skill      XL: |  1  2  3  4 |
---------------+-------------+-----
Dodging        | 2 3 |  3.3
Armour         | 1 2 |  2.5
Fighting       | 4 |  4.2
Axes           | |  1.7
Stealth        | |  4.5

Action                   |  1- 3 |  4- 6 || total
-------------------------+-------+-------++-------
Melee: Hand axe          |   128 |       ||   128
       Flail             |       |    91 ||    91
  Use: Scroll            |       |     3 ||     3
       Potion            |       |     1 ||     1
 Stab: Sleeping          |     6 |     1 ||     7
Armor: Leather armour    |     3 |       ||     3
       Ring mail         |    52 |    41 ||    93
Dodge: Dodged            |    94 |    69 ||   163

Table legend: (Time is in decaauts)
 A = Elapsed time spent in this place.
 B = Non-inter-level travel time spent in this place.
 C = Inter-level travel time spent in this place.
 D = Time resting spent in this place.
 E = Time spent auto-exploring this place.
 F = Levels seen in this place.
 G = Mean time per level.
                   A        B        C        D        E       F      G
               +--------+--------+--------+--------+--------+-----+--------+
         Total |   3264 |   3069 |    195 |    255 |   2090 |   5 |  652.8 |
       Dungeon |   3264 |   3069 |    195 |    255 |   2090 |   5 |  652.8 |
               +--------+--------+--------+--------+--------+-----+--------+

Top non-repeatable levels by time:
     D:1: 1363 daAuts
     D:2: 963 daAuts
     D:3: 809 daAuts
     D:4: 107 daAuts
     D:5: 21 daAuts
